WCHLSIM.com - West Coast Hockey League
html PUBLIC "-//W3C//DTD XHTML 1.0 Transitional//EN" "http://www.w3.org/TR/xhtml1/DTD/xhtml1-transitional.dtd"> WCHL - Game 775 - REGINA FALCONS vs EDMONTON ICE

REGINA FALCONS vs EDMONTON ICE

Created - 13 mars 2021 at 20:02

Goals
1 2 3 OT1 T
REGINA FALCONS 0 0 2 1 3
EDMONTON ICE 1 0 1 0 2
Shots
1 2 3 OT1 T
REGINA FALCONS 4 5 8 3 20
EDMONTON ICE 6 10 14 3 33

1st period

1. EDMONTON ICE , Ryan O'Reilly 22 (Anthony Mantha 30) at 16:57

Penalties :
Anthony Mantha (EDM) for Holding (Minor) at 18:10, Brent Burns (REG) for Hooking (Minor) at 18:10

2nd period

No Goal

Penalties :
Nick Cousins (REG) for Slashing (Minor) at 3:30, Brandon Carlo (REG) for Tripping (Minor) at 6:35

3rd period

2. REGINA FALCONS , Tanner Pearson 16 (Brent Burns 18, Derick Brassard 16) at 0:35
3. REGINA FALCONS , Tanner Pearson 17 (Corey Perry 5, Ivan Provorov 12) at 3:03 (PP)
4. EDMONTON ICE , Patric Hornqvist 21 (Shea Theodore 7, Anthony Mantha 31) at 4:44

Penalties :
Patric Hornqvist (EDM) for Hooking (Minor) at 1:42, Jonathan Audy-Marchessault (REG) for Slashing (Minor) at 13:58, Brenden Dillon (REG) for Cross-checking (Minor) at 14:05, Anton Stralman (REG) for Roughing (Minor) at 18:41

Overtime #1

5. REGINA FALCONS , Ryan Getzlaf 17 (Max Pacioretty 25, Brent Burns 19) at 4:04

Penalties :
No Penalty

Goalie Stats

Tristan Jarry (REG), 31 saves from 33 shots - (0,939), W, 19-9-4, 64:05 minutes
Philipp Grubauer (EDM), 17 saves from 20 shots - (0,850), OTL, 24-9-4, 64:05 minutes

Players Stats for REGINA FALCONS

Player Name              G  A  P  +/- PIM S  H  SB GA TA FO     MP     PP MP  PK MP  
------------------------------------------------------------------------------------
Anton Stralman           0  0  0  -1  2   0  0  1  0  0  0/0    22:34   0:00   3:46 
Brandon Carlo            0  0  0   1  2   1  2  0  0  0  0/0    18:35   0:52   0:00 
Brenden Dillon           0  0  0  -1  2   0  3  1  0  0  0/0    15:03   0:00   2:26 
Brent Burns              0  2  2   2  2   0  1  1  0  0  0/0    22:36   0:52   1:57 
Christoffer Ehn          0  0  0   0  0   0  0  0  0  0  0/0     3:08   0:00   0:00 
Corey Perry              0  1  1   0  0   0  5  0  0  0  0/0    15:27   0:29   0:00 
Derick Brassard          0  1  1   0  0   1  0  0  0  0  8/16   16:32   0:29   0:38 
Erik Gustafsson          0  0  0   0  0   0  0  1  0  0  0/0     4:32   0:29   0:00 
Filip Zadina             0  0  0  -1  0   1  0  0  0  0  2/2    15:08   0:00   1:59 
Greg McKegg              0  0  0   0  0   0  0  1  0  0  0/7     6:39   0:00   3:31 
Ivan Provorov            0  1  1  -1  0   1  1  1  0  0  0/0    22:31   0:29   3:03 
Jonathan Audy-Marchessau 0  0  0   0  2   5  1  1  0  0  0/1    20:12   0:52   0:00 
Marc-Edouard Vlasic      0  0  0  -1  0   0  0  1  0  0  0/0    19:16   0:00   4:53 
Max Pacioretty           0  1  1   1  0   2  0  1  0  0  1/3    23:15   0:52   0:00 
Nick Cousins             0  0  0  -1  2   1  1  0  0  0  9/28   18:42   0:00   3:19 
Richard Panik            0  0  0  -1  0   1  3  2  0  0  0/2    15:35   0:00   2:29 
Ryan Getzlaf             1  0  1   1  0   3  2  0  0  0  11/24  23:04   0:52   0:00 
Tanner Pearson           2  0  2   0  0   4  1  0  0  0  1/4    18:07   0:29   1:37 

Players Stats for EDMONTON ICE

Player Name              G  A  P  +/- PIM S  H  SB GA TA FO     MP     PP MP  PK MP  
------------------------------------------------------------------------------------
Anthony Mantha           0  2  2   1  2   5  2  0  0  0  1/1    24:01   3:30   0:00 
Boone Jenner             0  0  0   0  0   0  0  0  0  0  0/2    13:49   0:00   0:58 
Brendan Perlini          0  0  0   0  0   0  0  0  0  0  0/0     0:00   0:00   0:00 
Colton Parayko           0  0  0   0  0   1  2  1  0  0  0/0    24:53   3:04   0:34 
Jack Johnson             0  0  0   0  0   0  1  0  0  0  0/0    15:57   0:00   0:47 
Jeff Petry               0  0  0  -1  0   1  4  1  0  0  0/0    26:24   3:04   0:00 
Joel Eriksson Ek         0  0  0   0  0   0  1  0  0  0  2/4     8:58   3:52   0:00 
Mathieu Perreault        0  0  0   0  0   1  0  0  0  0  0/0     4:50   0:00   0:23 
Mikko Koivu              0  0  0   0  0   1  1  0  0  0  6/11   13:53   0:00   0:23 
Ondrej Kase              0  0  0   0  0   1  0  0  0  0  1/2    14:15   0:26   0:58 
Patric Hornqvist         1  0  1   2  2   5  2  1  0  0  1/1    21:17   3:26   0:00 
Phil Kessel              0  0  0  -1  0   0  0  0  0  0  0/0    19:04   4:18   0:00 
Ryan Graves              0  0  0   1  0   0  0  0  0  0  0/0    19:11   0:00   0:34 
Ryan O'Reilly            1  0  1   1  0   5  0  1  0  0  26/39  25:28   3:30   0:00 
Shea Theodore            0  1  1   1  0   1  0  2  0  0  0/0    19:51   4:18   0:00 
Timo Meier               0  0  0  -1  0   7  2  0  0  0  0/0    23:59   3:30   0:00 
Vincent Trocheck         0  0  0  -1  0   5  1  0  0  0  18/27  19:32   3:52   0:00 
Zach Whitecloud          0  0  0   0  0   0  1  0  0  0  0/0    14:12   0:00   0:47 

3 Stars

1 - Tanner Pearson (REG)
2 - Ryan Getzlaf (REG)
3 - Brent Burns (REG)

Power Play

REGINA FALCONS - 1 on 1 Attempt(s) - 100,00%
EDMONTON ICE - 0 on 5 Attempt(s) - 0,00%

Penalty Kill

REGINA FALCONS - 5 on 5 Attempt(s) - 100,00% - Score 0 goal in Penalty Kill
EDMONTON ICE - 0 on 1 Attempt(s) - 0,00% - Score 0 goal in Penalty Kill

Team Stat

REGINA FALCONS - Hits : 20 - Faceoff Wins : 32 - Blocked Shots : 11 - Penalty Minutes : 12
EDMONTON ICE - Hits : 17 - Faceoff Wins : 55 - Blocked Shots : 6 - Penalty Minutes : 4

Official

Referees : Adam Bloski and Tom Chmielewski
Linesman : Brent Hooks and Matt MacPherson

Game Notes

No Game Note

Finance

Level 1 -- Attendance: 5458 (90,97%) -- Ticket Income 1 037 020 $
Level 2 -- Attendance: 4777 (95,54%) -- Ticket Income 597 125 $
Level 3 -- Attendance: 1700 (85,00%) -- Ticket Income 170 000 $
Level 4 -- Attendance: 4023 (67,05%) -- Ticket Income 261 495 $
Luxury Box -- Attendance: 783 (78,30%) -- Ticket Income 266 220 $
Total Attendance: 16741 (83,71%)
Total Ticket Income: 2 331 860 $
Other Expense: 23 319 $
Total Income: 2 308 541 $

REGINA FALCONS

5 vs 5 Forward 
   Center                   Left Wing                Right Wing               Time % Phy DF OF 
 1 Ryan Getzlaf             Max Pacioretty           Jonathan Audy-Marchessaul34     0   2  3  
 2 Derick Brassard          Tanner Pearson           Corey Perry              33     1   2  2  
 3 Nick Cousins             Richard Panik            Filip Zadina             27     1   2  2  
 4 Greg McKegg              Christoffer Ehn          Nick Cousins             6      1   2  2  

5 vs 5 Defense 
   Defense                  Defense                                           Time % Phy DF OF 
 1 Brent Burns              Brandon Carlo                                     35     0   4  1  
 2 Ivan Provorov            Anton Stralman                                    33     0   4  1  
 3 Brenden Dillon           Marc-Edouard Vlasic                               26     0   4  1  
 4 Erik Gustafsson          Marc-Edouard Vlasic                               6      0   4  1  

PowerPlay Forward 
   Center                   Left Wing                Right Wing               Time % Phy DF OF 
 1 Ryan Getzlaf             Max Pacioretty           Jonathan Audy-Marchessaul55     0   0  5  
 2 Derick Brassard          Tanner Pearson           Corey Perry              45     0   0  5  

PowerPlay Defense
   Defense                  Defense                                           Time % Phy DF OF 
 1 Brent Burns              Brandon Carlo                                     55     0   1  4  
 2 Ivan Provorov            Erik Gustafsson                                   45     0   2  3  

Penalty Kill 4 Players Forward 
   Center                   Wing                     Time % Phy DF OF 
 1 Greg McKegg              Richard Panik            55     0   4  1  
 2 Nick Cousins             Filip Zadina             45     0   4  1  

Penalty Kill 4 Players Defense
   Defense                  Defense                  Time % Phy DF OF 
 1 Anton Stralman           Marc-Edouard Vlasic      55     0   5  0  
 2 Ivan Provorov            Brenden Dillon           45     0   5  0  

Penalty Kill - 3 Players Forward 
   Forward                                           Time % Phy DF OF 
 1 Nick Cousins                                      55     0   5  0  
 2 Derick Brassard                                   45     0   5  0  

Penalty Kill - 3 Players Defense
   Defense                  Defense                  Time % Phy DF OF 
 1 Anton Stralman           Marc-Edouard Vlasic      55     0   5  0  
 2 Ivan Provorov            Brenden Dillon           45     0   5  0  

4 vs 4 Forward 
   Center                   Wing                     Time % Phy DF OF 
 1 Ryan Getzlaf             Max Pacioretty           55     0   2  3  
 2 Derick Brassard          Jonathan Audy-Marchessaul45     0   2  3  

4 vs 4 Defense
   Defense                  Defense                  Time % Phy DF OF 
 1 Brent Burns              Brandon Carlo            55     0   3  2  
 2 Ivan Provorov            Anton Stralman           45     0   3  2  

Last Minutes Offensive
   Center                   Left Wing                Right Wing               Defense                  Defense                  
   Ryan Getzlaf             Max Pacioretty           Jonathan Audy-MarchessaulBrent Burns              Brandon Carlo            

Last Minutes Defensive
   Center                   Left Wing                Right Wing               Defense                  Defense                  
   Ryan Getzlaf             Max Pacioretty           Jonathan Audy-MarchessaulIvan Provorov            Marc-Edouard Vlasic      

Goaltenders
Starting : Tristan Jarry            
Backup : Anton Khudobin           

Extra Forwards
Normal : Tanner Pearson, Max Pacioretty, Jonathan Audy-Marchessault - PP : Derick Brassard, Max Pacioretty - PK : Tanner Pearson
Extra Defensemen
Normal : Ivan Provorov, Brent Burns, Anton Stralman - PP : Brandon Carlo - PK : Brent Burns, Marc-Edouard Vlasic
Penalty Shots
Ryan Getzlaf, Max Pacioretty, Jonathan Audy-Marchessault, Tanner Pearson, Derick Brassard
Custom OT Lines Forwards
Ryan Getzlaf, Max Pacioretty, Tanner Pearson, Jonathan Audy-Marchessault, Derick Brassard, Nick Cousins, Corey Perry, Richard Panik, Filip Zadina, Greg McKegg
Custom OT Lines Defensemen
Brent Burns, Brandon Carlo, Ivan Provorov, Brenden Dillon, Marc-Edouard Vlasic

Scratches
David Pastrnak (Sprained Right Ankle Injury), Jonathan Miller (Right Ankle Injury)

EDMONTON ICE

5 vs 5 Forward 
   Center                   Left Wing                Right Wing               Time % Phy DF OF 
 1 Ryan O'Reilly            Anthony Mantha           Patric Hornqvist         37     1   1  3  
 2 Vincent Trocheck         Timo Meier               Phil Kessel              34     1   1  3  
 3 Mikko Koivu              Boone Jenner             Ondrej Kase              23     1   2  2  
 4 Joel Eriksson Ek         Mathieu Perreault        Timo Meier               6      1   3  1  

5 vs 5 Defense 
   Defense                  Defense                                           Time % Phy DF OF 
 1 Colton Parayko           Jeff Petry                                        37     1   2  2  
 2 Shea Theodore            Ryan Graves                                       33     1   2  2  
 3 Jack Johnson             Zach Whitecloud                                   23     1   3  1  
 4 Jack Johnson             Ryan Graves                                       7      1   3  1  

PowerPlay Forward 
   Center                   Left Wing                Right Wing               Time % Phy DF OF 
 1 Ryan O'Reilly            Anthony Mantha           Timo Meier               56     0   1  4  
 2 Vincent Trocheck         Joel Eriksson Ek         Patric Hornqvist         44     0   1  4  

PowerPlay Defense
   Defense                  Defense                                           Time % Phy DF OF 
 1 Phil Kessel              Shea Theodore                                     56     0   1  4  
 2 Jeff Petry               Colton Parayko                                    44     0   1  4  

Penalty Kill 4 Players Forward 
   Center                   Wing                     Time % Phy DF OF 
 1 Boone Jenner             Ondrej Kase              57     1   3  1  
 2 Mikko Koivu              Mathieu Perreault        43     1   3  1  

Penalty Kill 4 Players Defense
   Defense                  Defense                  Time % Phy DF OF 
 1 Colton Parayko           Ryan Graves              57     0   4  1  
 2 Jack Johnson             Zach Whitecloud          43     0   4  1  

Penalty Kill - 3 Players Forward 
   Forward                                           Time % Phy DF OF 
 1 Boone Jenner                                      55     0   4  1  
 2 Mikko Koivu                                       45     0   4  1  

Penalty Kill - 3 Players Defense
   Defense                  Defense                  Time % Phy DF OF 
 1 Colton Parayko           Ryan Graves              55     0   4  1  
 2 Jack Johnson             Jeff Petry               45     0   4  1  

4 vs 4 Forward 
   Center                   Wing                     Time % Phy DF OF 
 1 Ryan O'Reilly            Timo Meier               55     1   2  2  
 2 Mikko Koivu              Joel Eriksson Ek         45     1   2  2  

4 vs 4 Defense
   Defense                  Defense                  Time % Phy DF OF 
 1 Jeff Petry               Colton Parayko           55     1   2  2  
 2 Jack Johnson             Ryan Graves              45     1   2  2  

Last Minutes Offensive
   Center                   Left Wing                Right Wing               Defense                  Defense                  
   Ryan O'Reilly            Timo Meier               Anthony Mantha           Jeff Petry               Shea Theodore            

Last Minutes Defensive
   Center                   Left Wing                Right Wing               Defense                  Defense                  
   Boone Jenner             Ondrej Kase              Timo Meier               Ryan Graves              Colton Parayko           

Goaltenders
Starting : Philipp Grubauer         
Backup : Jack Campbell            

Extra Forwards
Normal : Timo Meier, Joel Eriksson Ek, Ondrej Kase - PP : Phil Kessel, Ondrej Kase - PK : Joel Eriksson Ek
Extra Defensemen
Normal : Shea Theodore, Colton Parayko, Jeff Petry - PP : Jack Johnson - PK : Shea Theodore, Ryan Graves
Penalty Shots
Ryan O'Reilly, Anthony Mantha, Timo Meier, Vincent Trocheck, Patric Hornqvist
Custom OT Lines Forwards
Ryan O'Reilly, Anthony Mantha, Vincent Trocheck, Timo Meier, Patric Hornqvist, Phil Kessel, Joel Eriksson Ek, Ondrej Kase, Mikko Koivu, Boone Jenner
Custom OT Lines Defensemen
Jeff Petry, Ryan Graves, Colton Parayko, Shea Theodore, Jack Johnson

Scratches
Calvin De Haan (Upper Body Injury)

% Time on Ice - REGINA FALCONS

Lines # - Real PCT - Wanted PCT - Time Play
Normal Forward
1 - 37% - 34% - 18:06
2 - 30% - 33% - 14:58
3 - 27% - 27% - 13:06
4 - 6% - 6% - 3:08
Normal Defense
1 - 33% - 35% - 16:28
2 - 35% - 33% - 17:02
3 - 25% - 26% - 12:10
4 - 7% - 6% - 3:38
PP Forward
1 - 64% - 55% - 0:52
2 - 36% - 45% - 0:29
PP Defense
1 - 64% - 55% - 0:52
2 - 36% - 45% - 0:29
PK Forward
1 - 64% - 55% - 3:31
2 - 36% - 45% - 1:59
PK Defense
1 - 57% - 55% - 3:08
2 - 43% - 45% - 2:22
PK3 Forward
1 - 75% - 55% - 1:55
2 - 25% - 45% - 0:38
PK3 Defense
1 - 69% - 55% - 1:45
2 - 31% - 45% - 0:48
44 Forward
1 - 77% - 55% - 1:32
2 - 23% - 45% - 0:27
44 Defense
1 - 31% - 55% - 0:37
2 - 69% - 45% - 1:22
Last Minute Offensive  - 0:00
Last Minute Defensive  - 0:00
Total
Forward - 60:41
Defense - 60:41

% Time on Ice - EDMONTON ICE

Lines # - Real PCT - Wanted PCT - Time Play
Normal Forward
1 - 36% - 37% - 17:52
2 - 29% - 34% - 14:08
3 - 26% - 23% - 12:51
4 - 9% - 6% - 4:27
Normal Defense
1 - 39% - 37% - 19:14
2 - 32% - 33% - 15:33
3 - 26% - 23% - 12:36
4 - 4% - 7% - 1:55
PP Forward
1 - 48% - 56% - 3:30
2 - 52% - 44% - 3:52
PP Defense
1 - 58% - 56% - 4:18
2 - 42% - 44% - 3:04
PK Forward
1 - 72% - 57% - 0:58
2 - 28% - 43% - 0:23
PK Defense
1 - 42% - 57% - 0:34
2 - 58% - 43% - 0:47
PK3 Forward
1 - 0% - 55%
2 - 0% - 45%
PK3 Defense
1 - 0% - 55%
2 - 0% - 45%
44 Forward
1 - 76% - 55% - 2:01
2 - 24% - 45% - 0:39
44 Defense
1 - 76% - 55% - 2:01
2 - 24% - 45% - 0:39
Last Minute Offensive  - 0:00
Last Minute Defensive  - 0:00
Total
Forward - 60:41
Defense - 60:41

Play-by-Play

1st period


0:01 of 1st period - Ryan O'Reilly wins face-off versus Ryan Getzlaf in neutral zone.
0:18 of 1st period - Brent Burns is hit by Anthony Mantha and loses puck.
0:45 of 1st period - Shot by Jonathan Audy-Marchessault.
0:45 of 1st period - Shot Blocked by Colton Parayko.
0:47 of 1st period - Shot by Jonathan Audy-Marchessault.
0:47 of 1st period - Shot Misses the Net.
1:05 of 1st period - Shot by Derick Brassard.
1:05 of 1st period - Shot Blocked by Ryan O'Reilly.
1:22 of 1st period - Vincent Trocheck is hit by Ivan Provorov and loses puck.
1:36 of 1st period - Shot by Timo Meier.
1:36 of 1st period - Shot Blocked by Ivan Provorov.
1:54 of 1st period - Shot by Vincent Trocheck.
1:54 of 1st period - Stopped by Tristan Jarry without a rebound.
1:55 of 1st period - Nick Cousins wins face-off versus Boone Jenner in REGINA FALCONS zone.
2:00 of 1st period - Jack Johnson is hit by Richard Panik and loses puck.
2:05 of 1st period - Shot by Nick Cousins.
2:05 of 1st period - Stopped by Philipp Grubauer without a rebound.
2:06 of 1st period - Mikko Koivu wins face-off versus Greg McKegg in EDMONTON ICE zone.
2:14 of 1st period - Shot by Ondrej Kase.
2:14 of 1st period - Shot Misses the Net.
2:16 of 1st period - Shot by Boone Jenner.
2:16 of 1st period - Deflect By Ondrej Kase.
2:16 of 1st period - Shot Misses the Net.
2:20 of 1st period - Shot by Ondrej Kase.
2:20 of 1st period - Shot Hit the Post.
4:16 of 1st period - Shot by Anthony Mantha.
4:16 of 1st period - Shot Hit the Post.
4:18 of 1st period - Shot by Ryan O'Reilly.
4:18 of 1st period - Stopped by Tristan Jarry without a rebound.
4:19 of 1st period - Filip Zadina wins face-off versus Mikko Koivu in REGINA FALCONS zone.
4:26 of 1st period - Nick Cousins is hit by Mikko Koivu and loses puck.
4:31 of 1st period - Shot by Mikko Koivu.
4:31 of 1st period - Shot Misses the Net.
4:33 of 1st period - Shot by Mikko Koivu.
4:33 of 1st period - Stopped by Tristan Jarry without a rebound.
4:34 of 1st period - Derick Brassard wins face-off versus Ryan O'Reilly in REGINA FALCONS zone.
6:30 of 1st period - Joel Eriksson Ek is hit by Brenden Dillon and loses puck.
7:32 of 1st period - Icing by Brenden Dillon.
7:33 of 1st period - Vincent Trocheck wins face-off versus Ryan Getzlaf in REGINA FALCONS zone.
7:48 of 1st period - Shot by Phil Kessel.
7:48 of 1st period - Shot Blocked by Brenden Dillon.
8:10 of 1st period - Shot by Vincent Trocheck.
8:10 of 1st period - Shot Misses the Net.
10:47 of 1st period - Icing by Jeff Petry.
10:48 of 1st period - Derick Brassard wins face-off versus Vincent Trocheck in EDMONTON ICE zone.
11:45 of 1st period - Shot by Jonathan Audy-Marchessault.
11:45 of 1st period - Stopped by Philipp Grubauer without a rebound.
11:46 of 1st period - Ryan O'Reilly wins face-off versus Greg McKegg in EDMONTON ICE zone.
12:28 of 1st period - Shot by Jonathan Audy-Marchessault.
12:28 of 1st period - Shot Misses the Net.
12:40 of 1st period - Shot by Jonathan Audy-Marchessault.
12:40 of 1st period - Stopped by Philipp Grubauer without a rebound.
12:41 of 1st period - Mikko Koivu wins face-off versus Derick Brassard in EDMONTON ICE zone.
12:41 of 1st period - Mikko Koivu is hit by Corey Perry.
12:59 of 1st period - Boone Jenner is hit by Corey Perry and loses puck.
13:41 of 1st period - Shot by Max Pacioretty.
13:41 of 1st period - Shot Misses the Net.
13:43 of 1st period - Shot by Max Pacioretty.
13:43 of 1st period - Deflect By Jonathan Audy-Marchessault.
13:43 of 1st period - Shot Misses the Net.
14:21 of 1st period - Shot by Ryan O'Reilly.
14:21 of 1st period - Stopped by Tristan Jarry without a rebound.
14:22 of 1st period - Ryan O'Reilly wins face-off versus Greg McKegg in REGINA FALCONS zone.
15:17 of 1st period - Shot by Tanner Pearson.
15:17 of 1st period - Shot Misses the Net.
15:19 of 1st period - Shot by Tanner Pearson.
15:19 of 1st period - Shot Misses the Net.
15:59 of 1st period - Shot by Jonathan Audy-Marchessault.
15:59 of 1st period - Stopped by Philipp Grubauer without a rebound.
16:00 of 1st period - Ryan Getzlaf wins face-off versus Vincent Trocheck in EDMONTON ICE zone.
16:00 of 1st period - Ryan Getzlaf is hit by Jack Johnson.
16:19 of 1st period - Shot by Timo Meier.
16:19 of 1st period - Shot Blocked by Max Pacioretty.
16:21 of 1st period - Shot by Vincent Trocheck.
16:21 of 1st period - Shot Misses the Net.
16:23 of 1st period - Shot by Vincent Trocheck.
16:23 of 1st period - Stopped by Tristan Jarry without a rebound.
16:24 of 1st period - Ryan O'Reilly wins face-off versus Nick Cousins in REGINA FALCONS zone.
16:53 of 1st period - Shot by Ryan O'Reilly.
16:53 of 1st period - Shot Misses the Net.
16:55 of 1st period - Shot by Anthony Mantha.
16:55 of 1st period - Shot Misses the Net.
16:57 of 1st period - Shot by Ryan O'Reilly.
16:57 of 1st period - Goal by Ryan O'Reilly - REGINA FALCONS : 0 - EDMONTON ICE : 1.
16:58 of 1st period - Vincent Trocheck wins face-off versus Derick Brassard in neutral zone.
16:58 of 1st period - Vincent Trocheck is hit by Corey Perry.
17:39 of 1st period - Icing by Brent Burns.
17:40 of 1st period - Derick Brassard wins face-off versus Ryan O'Reilly in REGINA FALCONS zone.
17:40 of 1st period - Derick Brassard is hit by Patric Hornqvist.
17:51 of 1st period - Ryan O'Reilly is hit by Brandon Carlo and loses puck.
18:10 of 1st period - Minor Penalty to Anthony Mantha for Holding.
18:10 of 1st period - Minor Penalty to Brent Burns for Hooking.
18:11 of 1st period - Ryan O'Reilly wins face-off versus Ryan Getzlaf in REGINA FALCONS zone.
18:31 of 1st period - Icing by Colton Parayko.
18:32 of 1st period - Ryan Getzlaf wins face-off versus Ryan O'Reilly in EDMONTON ICE zone.
19:00 of 1st period - Max Pacioretty is hit by Jeff Petry and loses puck.
Goals for this period are 0 for REGINA FALCONS vs 1 for EDMONTON ICE.
Shots for this period are 4 for REGINA FALCONS vs 6 for EDMONTON ICE.

2nd period


0:01 of 2nd period - Ryan O'Reilly wins face-off versus Ryan Getzlaf in neutral zone.
0:31 of 2nd period - Ondrej Kase is hit by Brenden Dillon and loses puck.
1:22 of 2nd period - Shot by Timo Meier.
1:22 of 2nd period - Shot Blocked by Jonathan Audy-Marchessault.
1:25 of 2nd period - Icing by Ivan Provorov.
1:26 of 2nd period - Ryan O'Reilly wins face-off versus Ryan Getzlaf in REGINA FALCONS zone.
1:43 of 2nd period - Shot by Ryan O'Reilly.
1:43 of 2nd period - Shot Misses the Net.
1:45 of 2nd period - Shot by Ryan O'Reilly.
1:45 of 2nd period - Shot Misses the Net.
2:03 of 2nd period - Shot by Anthony Mantha.
2:03 of 2nd period - Shot Blocked by Anton Stralman.
2:26 of 2nd period - Icing by Colton Parayko.
2:27 of 2nd period - Derick Brassard wins face-off versus Vincent Trocheck in EDMONTON ICE zone.
2:48 of 2nd period - Shot by Timo Meier.
2:48 of 2nd period - Shot Misses the Net.
3:10 of 2nd period - Vincent Trocheck is hit by Brent Burns and loses puck.
3:28 of 2nd period - Icing by Jeff Petry.
3:29 of 2nd period - Vincent Trocheck wins face-off versus Nick Cousins in EDMONTON ICE zone.
3:29 of 2nd period - Vincent Trocheck is hit by Richard Panik.
3:30 of 2nd period - Minor Penalty to Nick Cousins for Slashing.
3:31 of 2nd period - Ryan O'Reilly wins face-off versus Greg McKegg in REGINA FALCONS zone.
3:50 of 2nd period - Shot by Timo Meier.
3:50 of 2nd period - Shot Misses the Net.
3:54 of 2nd period - Shot by Ryan O'Reilly.
3:54 of 2nd period - Deflect By Timo Meier.
3:54 of 2nd period - Shot Blocked by Richard Panik.
4:13 of 2nd period - Icing by Joel Eriksson Ek.
4:14 of 2nd period - Tanner Pearson wins face-off versus Vincent Trocheck in EDMONTON ICE zone.
4:27 of 2nd period - Shot by Filip Zadina.
4:27 of 2nd period - Stopped by Philipp Grubauer without a rebound.
4:28 of 2nd period - Ryan O'Reilly wins face-off versus Tanner Pearson in EDMONTON ICE zone.
5:07 of 2nd period - Shot by Colton Parayko.
5:07 of 2nd period - Shot Misses the Net.
5:25 of 2nd period - Shot by Vincent Trocheck.
5:25 of 2nd period - Stopped by Tristan Jarry with a rebound.
5:27 of 2nd period - Shot by Patric Hornqvist.
5:27 of 2nd period - Stopped by Tristan Jarry without a rebound.
5:28 of 2nd period - Vincent Trocheck wins face-off versus Tanner Pearson in REGINA FALCONS zone.
5:35 of 2nd period - Jack Johnson is hit by Ryan Getzlaf and loses puck.
6:06 of 2nd period - Shot by Ryan Getzlaf.
6:06 of 2nd period - Shot Misses the Net.
6:26 of 2nd period - Shot by Ryan O'Reilly.
6:26 of 2nd period - Stopped by Tristan Jarry with a rebound.
6:28 of 2nd period - Shot by Ryan O'Reilly.
6:28 of 2nd period - Shot Blocked by Brent Burns.
6:35 of 2nd period - Minor Penalty to Brandon Carlo for Tripping.
6:36 of 2nd period - Vincent Trocheck wins face-off versus Nick Cousins in REGINA FALCONS zone.
6:48 of 2nd period - Shot by Jeff Petry.
6:48 of 2nd period - Shot Misses the Net.
6:58 of 2nd period - Shot by Colton Parayko.
6:58 of 2nd period - Stopped by Tristan Jarry without a rebound.
6:59 of 2nd period - Ryan O'Reilly wins face-off versus Richard Panik in REGINA FALCONS zone.
7:02 of 2nd period - Shot by Ryan O'Reilly.
7:02 of 2nd period - Shot Blocked by Greg McKegg.
7:04 of 2nd period - Shot by Timo Meier.
7:04 of 2nd period - Shot Misses the Net.
7:08 of 2nd period - Shot by Ryan O'Reilly.
7:08 of 2nd period - Shot Misses the Net.
7:29 of 2nd period - Shot by Anthony Mantha.
7:29 of 2nd period - Stopped by Tristan Jarry without a rebound.
7:30 of 2nd period - Vincent Trocheck wins face-off versus Nick Cousins in REGINA FALCONS zone.
7:46 of 2nd period - Icing by Jeff Petry.
7:47 of 2nd period - Patric Hornqvist wins face-off versus Nick Cousins in EDMONTON ICE zone.
8:13 of 2nd period - Shot by Jeff Petry.
8:13 of 2nd period - Stopped by Tristan Jarry without a rebound.
8:14 of 2nd period - Filip Zadina wins face-off versus Ryan O'Reilly in REGINA FALCONS zone.
9:51 of 2nd period - Shot by Anthony Mantha.
9:51 of 2nd period - Stopped by Tristan Jarry without a rebound.
9:52 of 2nd period - Ryan Getzlaf wins face-off versus Vincent Trocheck in REGINA FALCONS zone.
9:52 of 2nd period - Ryan Getzlaf is hit by Vincent Trocheck.
9:58 of 2nd period - Shot by Timo Meier.
9:58 of 2nd period - Stopped by Tristan Jarry without a rebound.
9:59 of 2nd period - Vincent Trocheck wins face-off versus Ryan Getzlaf in REGINA FALCONS zone.
10:35 of 2nd period - Icing by Timo Meier.
10:36 of 2nd period - Vincent Trocheck wins face-off versus Nick Cousins in EDMONTON ICE zone.
11:00 of 2nd period - Shot by Brandon Carlo.
11:00 of 2nd period - Stopped by Philipp Grubauer with a rebound.
11:31 of 2nd period - Ryan O'Reilly is hit by Corey Perry and loses puck.
11:40 of 2nd period - Anthony Mantha is hit by Tanner Pearson and loses puck.
11:55 of 2nd period - Shot by Ivan Provorov.
11:55 of 2nd period - Stopped by Philipp Grubauer without a rebound.
11:56 of 2nd period - Ryan Getzlaf wins face-off versus Mikko Koivu in EDMONTON ICE zone.
11:59 of 2nd period - Shot by Max Pacioretty.
11:59 of 2nd period - Stopped by Philipp Grubauer without a rebound.
12:00 of 2nd period - Mikko Koivu wins face-off versus Ryan Getzlaf in EDMONTON ICE zone.
13:26 of 2nd period - Shot by Anthony Mantha.
13:26 of 2nd period - Shot Misses the Net.
13:36 of 2nd period - Anton Stralman is hit by Patric Hornqvist.
14:41 of 2nd period - Shot by Vincent Trocheck.
14:41 of 2nd period - Stopped by Tristan Jarry without a rebound.
14:42 of 2nd period - Mikko Koivu wins face-off versus Ryan Getzlaf in REGINA FALCONS zone.
14:59 of 2nd period - Shot by Ondrej Kase.
14:59 of 2nd period - Shot Misses the Net.
15:49 of 2nd period - Shot by Phil Kessel.
15:49 of 2nd period - Shot Blocked by Erik Gustafsson.
16:03 of 2nd period - Shot by Phil Kessel.
16:03 of 2nd period - Shot Misses the Net.
16:07 of 2nd period - Shot by Timo Meier.
16:07 of 2nd period - Shot Blocked by Marc-Edouard Vlasic.
16:09 of 2nd period - Shot by Vincent Trocheck.
16:09 of 2nd period - Stopped by Tristan Jarry with a rebound.
18:34 of 2nd period - Shot by Nick Cousins.
18:34 of 2nd period - Shot Misses the Net.
19:07 of 2nd period - Greg McKegg is hit by Jeff Petry and loses puck.
19:17 of 2nd period - Icing by Jeff Petry.
19:18 of 2nd period - Max Pacioretty wins face-off versus Joel Eriksson Ek in EDMONTON ICE zone.
19:18 of 2nd period - Max Pacioretty is hit by Jeff Petry.
19:20 of 2nd period - Shot by Ryan Getzlaf.
19:20 of 2nd period - Stopped by Philipp Grubauer without a rebound.
19:21 of 2nd period - Ryan O'Reilly wins face-off versus Greg McKegg in EDMONTON ICE zone.
19:25 of 2nd period - Icing by Patric Hornqvist.
19:26 of 2nd period - Ryan Getzlaf wins face-off versus Ryan O'Reilly in EDMONTON ICE zone.
19:44 of 2nd period - Off-side.
19:45 of 2nd period - Mikko Koivu wins face-off versus Nick Cousins in neutral zone.
Goals for this period are 0 for REGINA FALCONS vs 0 for EDMONTON ICE.
Shots for this period are 5 for REGINA FALCONS vs 10 for EDMONTON ICE.

3rd period


0:01 of 3rd period - Nick Cousins wins face-off versus Vincent Trocheck in neutral zone.
0:03 of 3rd period - Off-side.
0:04 of 3rd period - Ryan O'Reilly wins face-off versus Nick Cousins in neutral zone.
0:19 of 3rd period - Shot by Patric Hornqvist.
0:19 of 3rd period - Stopped by Tristan Jarry without a rebound.
0:20 of 3rd period - Vincent Trocheck wins face-off versus Derick Brassard in REGINA FALCONS zone.
0:20 of 3rd period - Jeff Petry is hit by Brandon Carlo and loses puck.
0:35 of 3rd period - Shot by Tanner Pearson.
0:35 of 3rd period - Goal by Tanner Pearson - REGINA FALCONS : 1 - EDMONTON ICE : 1.
0:36 of 3rd period - Ryan O'Reilly wins face-off versus Nick Cousins in neutral zone.
0:38 of 3rd period - Off-side.
0:39 of 3rd period - Vincent Trocheck wins face-off versus Nick Cousins in neutral zone.
0:39 of 3rd period - Vincent Trocheck is hit by Richard Panik.
0:54 of 3rd period - Shot by Timo Meier.
0:54 of 3rd period - Stopped by Tristan Jarry without a rebound.
0:55 of 3rd period - Ryan O'Reilly wins face-off versus Derick Brassard in REGINA FALCONS zone.
1:03 of 3rd period - Icing by Brandon Carlo.
1:04 of 3rd period - Ryan O'Reilly wins face-off versus Derick Brassard in REGINA FALCONS zone.
1:09 of 3rd period - Shot by Anthony Mantha.
1:09 of 3rd period - Stopped by Tristan Jarry without a rebound.
1:10 of 3rd period - Nick Cousins wins face-off versus Ryan O'Reilly in REGINA FALCONS zone.
1:35 of 3rd period - Shot by Filip Zadina.
1:35 of 3rd period - Shot Blocked by Patric Hornqvist.
1:37 of 3rd period - Shot by Nick Cousins.
1:37 of 3rd period - Shot Misses the Net.
1:42 of 3rd period - Minor Penalty to Patric Hornqvist for Hooking.
1:43 of 3rd period - Ryan Getzlaf wins face-off versus Boone Jenner in EDMONTON ICE zone.
2:23 of 3rd period - Colton Parayko is hit by Ryan Getzlaf and loses puck.
3:03 of 3rd period - Shot by Tanner Pearson.
3:03 of 3rd period - Goal by Tanner Pearson - REGINA FALCONS : 2 - EDMONTON ICE : 1.
3:04 of 3rd period - Vincent Trocheck wins face-off versus Nick Cousins in neutral zone.
3:06 of 3rd period - Off-side.
3:07 of 3rd period - Vincent Trocheck wins face-off versus Richard Panik in neutral zone.
3:21 of 3rd period - Shot by Timo Meier.
3:21 of 3rd period - Stopped by Tristan Jarry without a rebound.
3:22 of 3rd period - Derick Brassard wins face-off versus Ryan O'Reilly in REGINA FALCONS zone.
3:41 of 3rd period - Shot by Tanner Pearson.
3:41 of 3rd period - Stopped by Philipp Grubauer without a rebound.
3:42 of 3rd period - Vincent Trocheck wins face-off versus Nick Cousins in EDMONTON ICE zone.
3:50 of 3rd period - Icing by Nick Cousins.
3:51 of 3rd period - Nick Cousins wins face-off versus Vincent Trocheck in REGINA FALCONS zone.
4:28 of 3rd period - Shot by Timo Meier.
4:28 of 3rd period - Stopped by Tristan Jarry without a rebound.
4:29 of 3rd period - Anthony Mantha wins face-off versus Derick Brassard in REGINA FALCONS zone.
4:34 of 3rd period - Shot by Anthony Mantha.
4:34 of 3rd period - Shot Misses the Net.
4:44 of 3rd period - Shot by Patric Hornqvist.
4:44 of 3rd period - Goal by Patric Hornqvist - REGINA FALCONS : 2 - EDMONTON ICE : 2.
4:45 of 3rd period - Ryan Getzlaf wins face-off versus Mikko Koivu in neutral zone.
4:54 of 3rd period - Shot by Ryan Getzlaf.
4:54 of 3rd period - Shot Misses the Net.
4:56 of 3rd period - Shot by Brenden Dillon.
4:56 of 3rd period - Shot Misses the Net.
5:08 of 3rd period - Shot by Jonathan Audy-Marchessault.
5:08 of 3rd period - Stopped by Philipp Grubauer without a rebound.
5:09 of 3rd period - Derick Brassard wins face-off versus Ryan O'Reilly in EDMONTON ICE zone.
5:22 of 3rd period - Shot by Patric Hornqvist.
5:22 of 3rd period - Stopped by Tristan Jarry without a rebound.
5:23 of 3rd period - Vincent Trocheck wins face-off versus Nick Cousins in REGINA FALCONS zone.
5:35 of 3rd period - Icing by Colton Parayko.
5:36 of 3rd period - Vincent Trocheck wins face-off versus Derick Brassard in EDMONTON ICE zone.
5:50 of 3rd period - Brent Burns is hit by Timo Meier and loses puck.
6:31 of 3rd period - Anthony Mantha is hit by Corey Perry and loses puck.
6:52 of 3rd period - Shot by Jonathan Audy-Marchessault.
6:52 of 3rd period - Shot Blocked by Shea Theodore.
6:54 of 3rd period - Shot by Ryan Getzlaf.
6:54 of 3rd period - Shot Blocked by Shea Theodore.
7:05 of 3rd period - Shot by Max Pacioretty.
7:05 of 3rd period - Shot Misses the Net.
7:07 of 3rd period - Shot by Jonathan Audy-Marchessault.
7:07 of 3rd period - Stopped by Philipp Grubauer without a rebound.
7:08 of 3rd period - Nick Cousins wins face-off versus Mikko Koivu in EDMONTON ICE zone.
7:21 of 3rd period - Shot by Nick Cousins.
7:21 of 3rd period - Deflect By Richard Panik.
7:21 of 3rd period - Stopped by Philipp Grubauer without a rebound.
7:22 of 3rd period - Joel Eriksson Ek wins face-off versus Ryan Getzlaf in EDMONTON ICE zone.
7:39 of 3rd period - Jonathan Audy-Marchessault is hit by Timo Meier and loses puck.
8:02 of 3rd period - Shot by Mathieu Perreault.
8:02 of 3rd period - Stopped by Tristan Jarry without a rebound.
8:03 of 3rd period - Ryan O'Reilly wins face-off versus Nick Cousins in REGINA FALCONS zone.
8:13 of 3rd period - Ryan O'Reilly is hit by Brenden Dillon and loses puck.
8:24 of 3rd period - Nick Cousins is hit by Anthony Mantha and loses puck.
8:33 of 3rd period - Shot by Ryan O'Reilly.
8:33 of 3rd period - Shot Misses the Net.
8:35 of 3rd period - Shot by Ryan O'Reilly.
8:35 of 3rd period - Deflect By Patric Hornqvist.
8:35 of 3rd period - Stopped by Tristan Jarry without a rebound.
8:36 of 3rd period - Mikko Koivu wins face-off versus Tanner Pearson in REGINA FALCONS zone.
9:02 of 3rd period - Icing by Mikko Koivu.
9:03 of 3rd period - Ryan Getzlaf wins face-off versus Ondrej Kase in EDMONTON ICE zone.
9:03 of 3rd period - Jonathan Audy-Marchessault is hit by Zach Whitecloud and loses puck.
10:34 of 3rd period - Shot by Anthony Mantha.
10:34 of 3rd period - Stopped by Tristan Jarry without a rebound.
10:35 of 3rd period - Derick Brassard wins face-off versus Ryan O'Reilly in REGINA FALCONS zone.
10:37 of 3rd period - Icing by Tanner Pearson.
10:38 of 3rd period - Ryan O'Reilly wins face-off versus Derick Brassard in REGINA FALCONS zone.
10:59 of 3rd period - Shot by Tanner Pearson.
10:59 of 3rd period - Deflect By Derick Brassard.
10:59 of 3rd period - Stopped by Philipp Grubauer without a rebound.
11:00 of 3rd period - Nick Cousins wins face-off versus Mikko Koivu in EDMONTON ICE zone.
12:39 of 3rd period - Derick Brassard is hit by Colton Parayko and loses puck.
12:47 of 3rd period - Icing by Jeff Petry.
12:48 of 3rd period - Ryan O'Reilly wins face-off versus Max Pacioretty in EDMONTON ICE zone.
13:11 of 3rd period - Anthony Mantha is hit by Jonathan Audy-Marchessault and loses puck.
13:17 of 3rd period - Max Pacioretty is hit by Colton Parayko and loses puck.
13:23 of 3rd period - Max Pacioretty is hit by Jeff Petry and loses puck.
13:58 of 3rd period - Minor Penalty to Jonathan Audy-Marchessault for Slashing.
13:59 of 3rd period - Ondrej Kase wins face-off versus Greg McKegg in REGINA FALCONS zone.
14:05 of 3rd period - Minor Penalty to Brenden Dillon for Cross-checking.
14:06 of 3rd period - Nick Cousins wins face-off versus Vincent Trocheck in REGINA FALCONS zone.
14:11 of 3rd period - Shot by Shea Theodore.
14:11 of 3rd period - Stopped by Tristan Jarry without a rebound.
14:12 of 3rd period - Nick Cousins wins face-off versus Vincent Trocheck in REGINA FALCONS zone.
14:12 of 3rd period - Nick Cousins is hit by Joel Eriksson Ek.
14:24 of 3rd period - Shot by Ondrej Kase.
14:24 of 3rd period - Stopped by Tristan Jarry without a rebound.
14:25 of 3rd period - Ryan O'Reilly wins face-off versus Nick Cousins in REGINA FALCONS zone.
14:45 of 3rd period - Shot by Anthony Mantha.
14:45 of 3rd period - Stopped by Tristan Jarry without a rebound.
14:46 of 3rd period - Joel Eriksson Ek wins face-off versus Nick Cousins in REGINA FALCONS zone.
16:24 of 3rd period - Shot by Jonathan Audy-Marchessault.
16:24 of 3rd period - Shot Misses the Net.
16:26 of 3rd period - Shot by Ryan Getzlaf.
16:26 of 3rd period - Stopped by Philipp Grubauer without a rebound.
16:27 of 3rd period - Derick Brassard wins face-off versus Joel Eriksson Ek in EDMONTON ICE zone.
17:26 of 3rd period - Shot by Max Pacioretty.
17:26 of 3rd period - Shot Misses the Net.
17:51 of 3rd period - Off-side.
17:52 of 3rd period - Ryan O'Reilly wins face-off versus Nick Cousins in neutral zone.
17:52 of 3rd period - Ryan O'Reilly is hit by Nick Cousins.
18:04 of 3rd period - Shot by Patric Hornqvist.
18:04 of 3rd period - Shot Misses the Net.
18:10 of 3rd period - Shot by Ryan O'Reilly.
18:10 of 3rd period - Shot Misses the Net.
18:24 of 3rd period - Shot by Anthony Mantha.
18:24 of 3rd period - Deflect By Ryan O'Reilly.
18:24 of 3rd period - Shot Blocked by Richard Panik.
18:41 of 3rd period - Minor Penalty to Anton Stralman for Roughing.
18:42 of 3rd period - Vincent Trocheck wins face-off versus Greg McKegg in REGINA FALCONS zone.
19:43 of 3rd period - Shot by Ryan O'Reilly.
19:43 of 3rd period - Stopped by Tristan Jarry without a rebound.
19:44 of 3rd period - Ryan O'Reilly wins face-off versus Nick Cousins in REGINA FALCONS zone.
19:59 of 3rd period - Shot by Ryan O'Reilly.
19:59 of 3rd period - Deflect By Anthony Mantha.
19:59 of 3rd period - Shot Misses the Net.
Goals for this period are 2 for REGINA FALCONS vs 1 for EDMONTON ICE.
Shots for this period are 8 for REGINA FALCONS vs 14 for EDMONTON ICE.

Overtime #1


0:01 of 1st overtime period - Nick Cousins wins face-off versus Ryan O'Reilly in neutral zone.
0:29 of 1st overtime period - Icing by Timo Meier.
0:30 of 1st overtime period - Ryan O'Reilly wins face-off versus Nick Cousins in EDMONTON ICE zone.
0:40 of 1st overtime period - Icing by Ryan O'Reilly.
0:41 of 1st overtime period - Vincent Trocheck wins face-off versus Ryan Getzlaf in EDMONTON ICE zone.
1:56 of 1st overtime period - Off-side.
1:57 of 1st overtime period - Ryan O'Reilly wins face-off versus Jonathan Audy-Marchessault in neutral zone.
2:05 of 1st overtime period - Shot by Timo Meier.
2:05 of 1st overtime period - Stopped by Tristan Jarry without a rebound.
2:06 of 1st overtime period - Ryan Getzlaf wins face-off versus Ryan O'Reilly in REGINA FALCONS zone.
2:08 of 1st overtime period - Icing by Brent Burns.
2:09 of 1st overtime period - Ryan O'Reilly wins face-off versus Ryan Getzlaf in REGINA FALCONS zone.
2:10 of 1st overtime period - Shot by Timo Meier.
2:10 of 1st overtime period - Stopped by Tristan Jarry without a rebound.
2:11 of 1st overtime period - Ryan Getzlaf wins face-off versus Ryan O'Reilly in REGINA FALCONS zone.
2:38 of 1st overtime period - Shot by Max Pacioretty.
2:38 of 1st overtime period - Shot Blocked by Jeff Petry.
2:40 of 1st overtime period - Shot by Max Pacioretty.
2:40 of 1st overtime period - Stopped by Philipp Grubauer without a rebound.
2:41 of 1st overtime period - Ryan Getzlaf wins face-off versus Ryan O'Reilly in EDMONTON ICE zone.
2:53 of 1st overtime period - Off-side.
2:54 of 1st overtime period - Ryan O'Reilly wins face-off versus Max Pacioretty in neutral zone.
3:17 of 1st overtime period - Shot by Tanner Pearson.
3:17 of 1st overtime period - Stopped by Philipp Grubauer without a rebound.
3:18 of 1st overtime period - Vincent Trocheck wins face-off versus Ryan Getzlaf in EDMONTON ICE zone.
3:27 of 1st overtime period - Shot by Timo Meier.
3:27 of 1st overtime period - Stopped by Tristan Jarry without a rebound.
3:28 of 1st overtime period - Ryan O'Reilly wins face-off versus Ryan Getzlaf in REGINA FALCONS zone.
4:04 of 1st overtime period - Shot by Ryan Getzlaf.
4:04 of 1st overtime period - Goal by Ryan Getzlaf - REGINA FALCONS : 3 - EDMONTON ICE : 2.
Goals for this period are 1 for REGINA FALCONS vs 0 for EDMONTON ICE.
Shots for this period are 3 for REGINA FALCONS vs 3 for EDMONTON ICE.


NATHAN
MACKINNON
PHILLIP
DANAULT
CONNOR
MCDAVID

EAST COAST

HOCKEY LEAGUE

  • 25.QUE4CHI5
  • 26.CHA2LIM3
  • 27.TRV2LON3
  • 28.CHW4BAL2
  • 29.PITMAN
  • 30.ATLNHW
  • 31.WORPET
  • 32.RHI